[Event "Titled Tuesday Blitz April 12 Early 2022"]
[White "Przybylski, Wojciech"]
[Black "Kalavannan, Koby"]
[WhiteFideId "1117599"]
[BlackFideId "425753"]
[WhiteElo "2133"]
[BlackElo "1927"]
[Result "0-1"]
[Round "11"]
[TimeControl "180+1"]
[Date "2022.04.13"]
[WhiteClock "0:00:02"]
[BlackClock "0:00:52"]

1. d4 Nf6 2. Bg5 Ne4 3. Bf4 d5 4. f3 Nf6 5. c4 c5 6. e3 Nc6 7. Nc3 cxd4 8. exd4 e6 9. c5 e5 10. dxe5 Nh5 11. Bg3 Nxg3 12. hxg3 Be6 13. b4 Qg5 14. Nge2 d4 15. Ne4 Qxe5 16. b5 Nb4 17. c6 d3 18. cxb7 Rd8 19. Rc1 dxe2 20. Qa4 Nd3+ 21. Kxe2 Nxc1+ 22. Kf2 Bc5+ 23. Ke1 O-O 24. Bc4 f5 25. Bxe6+ Qxe6 26. Qc2 Nd3+ 27. Ke2 fxe4 28. Rd1 exf3+ 29. Kf1 fxg2+ 30. Kxg2 Qe4+ 31. Kh3 Nf4+ 32. Kg4 Qxc2 33. Rxd8 Qf5+ 34. Kf3 Nd5+ 35. Kg2 Ne3+ 36. Kh2 Qf2+ 37. Kh3 Qg2+ 38. Kh4 Nf5+ 39. Kg5 Qxg3+ 40. Kh5 g6# 0-1


[Site "https://www.chess.com"]

[Event "Titled Tuesday Blitz April 12 Early 2022"]
[White "Reprintsev, Alexander"]
[Black "Melikhov, Evgeny V."]
[WhiteFideId "14100541"]
[BlackFideId "4122046"]
[WhiteElo "2108"]
[BlackElo "1931"]
[Result "1/2-1/2"]
[Round "11"]
[TimeControl "180+1"]
[Date "2022.04.13"]
[WhiteClock "0:00:06"]
[BlackClock "0:00:12"]

1. e4 e5 2. f4 Bc5 3. Nf3 d6 4. c3 Nf6 5. fxe5 dxe5 6. Nxe5 O-O 7. d4 Nxe4 8. Qd3 Nf6 9. dxc5 Qe7 10. Bf4 Nh5 11. g3 Nxf4 12. gxf4 f6 13. Qd5+ Kh8 14. Nd2 fxe5 15. O-O-O Nc6 16. Bc4 exf4 17. Rhe1 Qf6 18. Ne4 Qe5 19. Ng5 Qxd5 20. Bxd5 Bg4 21. Rd2 Bh5 22. Ne6 Rf6 23. Nxc7 Raf8 24. Rf2 f3 25. Ne6 Re8 26. Rd1 Ne5 27. Nc7 Ref8 28. Bxb7 Ng4 29. Rxf3 Nxh2 30. Rxf6 gxf6 31. Ne6 Re8 32. Nf4 Bxd1 33. Kxd1 Nf3 34. c6 h5 35. c7 h4 36. c8=Q Rxc8 37. Bxc8 Kg7 38. c4 Nd4 39. b4 f5 40. c5 Kf6 41. a4 Ke5 42. Ng2 h3 43. Bxf5 Kxf5 44. Ne3+ Ke4 45. Nf1 Kd5 46. Kd2 Kc4 47. Ke3 Nc2+ 48. Ke4 Nxb4 49. c6 Nxc6 50. Kf3 Kb4 51. Kg3 Kxa4 52. Kxh3 Kb3 53. Nd2+ Kc3 54. Ne4+ Kb4 55. Nf2 a5 56. Nd3+ Kc3 57. Nc5 Kb4 58. Nd3+ Kc3 59. Nc5 Nb4 60. Kg3 Nd3 61. Na4+ Kb4 62. Nb6 Kb5 63. Nd5 Kc5 64. Nc3 Kc4 65. Na4 Nc5 66. Nb6+ Kb5 67. Nd5 Ne4+ 68. Kf4 Nd6 69. Ke3 Kc4 70. Nb6+ Kb3 71. Kd2 Nc4+ 72. Nxc4 Kxc4 73. Kc2 a4 74. Kb2 a3+ 75. Ka1 a2 76. Kxa2 1/2-1/2


[Site "https://www.chess.com"]

[Event "Titled Tuesday Blitz April 12 Early 2022"]
[White "Rohith Krishna S"]
[Black "Stribuk, Artiom"]
[WhiteFideId "46617051"]
[BlackFideId "13515659"]
[WhiteElo "2117"]
[BlackElo "2259"]
[Result "1/2-1/2"]
[Round "11"]
[TimeControl "180+1"]
[Date "2022.04.12"]
[WhiteClock "0:02:16"]
[BlackClock "0:00:53"]

1. d4 Nf6 2. c4 g6 3. Nc3 d5 4. cxd5 Nxd5 5. Nf3 Bg7 6. Bd2 O-O 7. Rc1 e6 8. e3 b6 9. Nxd5 exd5 10. Bd3 Bb7 11. O-O Nd7 12. b4 c6 13. a4 a6 14. Qb3 Re8 15. Rfe1 Rc8 16. e4 dxe4 17. Bxe4 Nf6 18. Ne5 Rxe5 19. dxe5 Nxe4 20. Rxe4 Qxd2 21. Rd1 Qg5 22. Rd7 Qc1+ 23. Rd1 Qg5 24. Rd7 Qc1+ 25. Rd1 Qg5 1/2-1/2


[Site "https://www.chess.com"]

[Event "Titled Tuesday Blitz April 12 Early 2022"]
[White "Rustemov, Alexander"]
[Black "Zavgorodniy, Sergiy"]
[WhiteFideId "4119002"]
[BlackFideId "14110148"]
[WhiteElo "2799"]
[BlackElo "2420"]
[Result "1-0"]
[Round "11"]
[TimeControl "180+1"]
[Date "2022.04.12"]
[WhiteClock "0:03:00"]
[BlackClock "0:02:51"]

1. d4 Nf6 2. c4 e6 3. Nf3 Bb4+ 4. Bd2 Qe7 5. g3 Nc6 6. Nc3 Bxc3 7. Bxc3 Ne4 8. Qc2 Nxc3 9. Qxc3 d6 10. d5 Nb8 11. Qxg7 1-0


[Site "https://www.chess.com"]

[Event "Titled Tuesday Blitz April 12 Early 2022"]
[White "Samaganova, Aleksandra"]
[Black "Ianov, Viktor"]
[WhiteFideId "13800221"]
[BlackFideId "14102730"]
[WhiteElo "1859"]
[BlackElo "2161"]
[Result "0-1"]
[Round "11"]
[TimeControl "180+1"]
[Date "2022.04.13"]
[WhiteClock "0:00:02"]
[BlackClock "0:00:40"]

1. c4 d6 2. Nc3 g6 3. g3 Bg7 4. Bg2 Nf6 5. e3 O-O 6. Nge2 c5 7. O-O Nc6 8. d4 Bg4 9. h3 Bd7 10. a3 a6 11. Rb1 Rb8 12. b4 cxd4 13. Nxd4 Ne5 14. c5 Qc8 15. Kh2 dxc5 16. bxc5 Qxc5 17. Na4 Qc7 18. Nb6 Rfd8 19. Qb3 Nc6 20. Bb2 Nxd4 21. Bxd4 Bc6 22. Rfc1 e5 23. Bc3 h5 24. Ba5 Qe7 25. Nc4 Rdc8 26. Bb4 Qe6 27. Bd6 Bxg2 28. Kxg2 Ra8 29. Qb4 b5 30. Nb6 Nd5 31. Nxd5 Qxd5+ 32. e4 Qe6 33. Bc5 Bh6 34. Rc2 Rc6 35. Be3 Bxe3 36. Rxc6 Qxc6 37. fxe3 Qc2+ 38. Kf3 Rd8 39. Rb2 Qc1 40. Kf2 Rd1 41. Qb3 Rf1+ 42. Kg2 Rg1+ 43. Kh2 Rh1+ 44. Kg2 Qf1# 0-1


[Site "https://www.chess.com"]

[Event "Titled Tuesday Blitz April 12 Early 2022"]
[White "Samant Aditya S"]
[Black "Lach, Aleksandra"]
[WhiteFideId "35080580"]
[BlackFideId "1134299"]
[WhiteElo "1916"]
[BlackElo "2172"]
[Result "1-0"]
[Round "11"]
[TimeControl "180+1"]
[Date "2022.04.13"]
[WhiteClock "0:00:13"]
[BlackClock "0:00:03"]

1. d4 f5 2. Nc3 Nf6 3. Bg5 d5 4. Bxf6 exf6 5. e3 Be6 6. Bd3 Qd7 7. h4 Nc6 8. a3 g6 9. Nh3 Bh6 10. Qf3 O-O-O 11. Nf4 Bxf4 12. Qxf4 h6 13. O-O-O g5 14. Qg3 Ne7 15. Ne2 Kb8 16. Kb1 Ka8 17. Qf3 Ng6 18. g3 Rc8 19. Rh2 g4 20. Qh1 h5 21. Qe1 c5 22. dxc5 Rxc5 23. Qb4 Rhc8 24. Nd4 Ne5 25. Rhh1 b6 26. Rhe1 Nc6 27. Qd2 Ne5 28. Qb4 Nc6 29. Nxc6 Qxc6 30. Rd2 a5 31. Qd4 Bd7 32. Rc1 Kb7 33. Bf1 b5 34. Bg2 Be6 35. Qxf6 b4 36. Qd4 b3 37. c3 a4 38. Rcd1 Rd8 39. Qe5 Rd7 40. Qf6 Qd6 41. Qd4 Kc6 42. Qxa4+ Kb7 43. Qxb3+ Kc7 44. Qb4 Qc6 45. Qd4 Rb5 46. Qe5+ Kb7 47. c4 Rc5 48. cxd5 1-0


[Site "https://www.chess.com"]

[Event "Titled Tuesday Blitz April 12 Early 2022"]
[White "Sarana, Alexey"]
[Black "Oganian, Miran"]
[WhiteFideId "24133795"]
[BlackFideId "4122488"]
[WhiteElo "2666"]
[BlackElo "2357"]
[Result "1-0"]
[Round "11"]
[TimeControl "180+1"]
[Date "2022.04.12"]
[WhiteClock "0:00:56"]
[BlackClock "0:00:01"]

1. d4 e6 2. c4 d5 3. Nf3 a6 4. cxd5 exd5 5. Nc3 Nf6 6. Bg5 c6 7. e3 Be7 8. Bd3 Nbd7 9. O-O O-O 10. h3 Re8 11. Qc2 Nf8 12. Bf4 Ng6 13. Bh2 Bd6 14. Bxd6 Qxd6 15. Rab1 Qe7 16. b4 Ne4 17. a4 Bf5 18. b5 axb5 19. axb5 Ra3 20. Bxe4 dxe4 21. Nd2 Nh4 22. Ne2 Rd3 23. Nc4 cxb5 24. Ne5 Rc8 25. Qa2 Be6 26. Qb2 Rb3 27. Qd2 Rxb1 28. Rxb1 f6 29. Ng4 Bxg4 30. hxg4 Qe6 31. Ng3 Qxg4 32. Rxb5 Ra8 33. Rb1 h5 34. d5 Kh7 35. d6 Rd8 36. Qd5 f5 37. Rxb7 Qg6 38. d7 Nxg2 39. Qxf5 Nh4 40. Qxg6+ Kxg6 41. Nxe4 Nf3+ 42. Kg2 Ne5 43. Nc5 Kf7 44. f4 Nc4 45. e4 Ke7 46. e5 Na5 47. Rc7 Nc4 48. e6 Nb6 49. Rc6 Nd5 50. Kf3 h4 51. f5 h3 52. Ne4 h2 53. Ng3 g6 54. fxg6 Nf6 55. Nf5+ Kf8 56. e7+ Kg8 57. exd8=Q+ 1-0


[Site "https://www.chess.com"]

[Event "Titled Tuesday Blitz April 12 Early 2022"]
[White "Shtyka, Sergey"]
[Black "Iskusnyh, Sergei"]
[WhiteFideId "4138465"]
[BlackFideId "4120027"]
[WhiteElo "2014"]
[BlackElo "2492"]
[Result "0-1"]
[Round "11"]
[TimeControl "180+1"]
[Date "2022.04.13"]
[WhiteClock "0:00:02"]
[BlackClock "0:00:28"]

1. e4 e6 2. Nf3 d5 3. e5 c5 4. b4 d4 5. bxc5 Bxc5 6. Bd3 Ne7 7. Ba3 b6 8. O-O Ba6 9. Bxc5 bxc5 10. Be4 Nbc6 11. d3 Rc8 12. Nbd2 Nd5 13. Bxd5 exd5 14. Nb3 Ne7 15. Qc1 c4 16. dxc4 Bxc4 17. Re1 d3 18. e6 O-O 19. exf7+ Rxf7 20. Ng5 Rf6 21. Qe3 Nf5 22. Qh3 h6 23. cxd3 Bxb3 24. axb3 hxg5 25. Rxa7 Qb6 26. Rd7 Rcf8 27. d4 Qxd4 28. g3 Qd2 29. Ree7 Nxe7 0-1


[Site "https://www.chess.com"]

[Event "Titled Tuesday Blitz April 12 Early 2022"]
[White "Silvestre, Christian"]
[Black "Manukian, Artak"]
[WhiteFideId "30956269"]
[BlackFideId "13301373"]
[WhiteElo "2441"]
[BlackElo "2349"]
[Result "0-1"]
[Round "11"]
[TimeControl "180+1"]
[Date "2022.04.13"]
[WhiteClock "0:00:10"]
[BlackClock "0:01:09"]

1. e4 c6 2. Nc3 d5 3. Nf3 dxe4 4. Nxe4 Nf6 5. Nxf6+ exf6 6. d4 Bd6 7. Bd3 O-O 8. O-O Bg4 9. h3 Bh5 10. g4 Bg6 11. Bxg6 hxg6 12. Re1 Nd7 13. Qe2 g5 14. Bd2 Qc7 15. c4 g6 16. Kg2 Kg7 17. c5 Bf4 18. Bxf4 Qxf4 19. Qe4 Qxe4 20. Rxe4 Rfe8 21. Rae1 Kf8 22. Nd2 b6 23. b4 a5 24. Rxe8+ Rxe8 25. Rxe8+ Kxe8 26. a3 axb4 27. axb4 bxc5 28. bxc5 Ke7 29. Nc4 Ke6 30. Ne3 f5 31. Kf3 f4 32. Nc4 f6 33. Ke4 Nb8 34. Nb6 Na6 35. d5+ cxd5+ 36. Kd4 Nb4 37. c6 Nxc6+ 38. Kc5 Ne7 39. Na4 Ke5 40. Nb2 Ke4 41. Kd6 Nc8+ 42. Ke6 f5 43. Kf6 fxg4 44. hxg4 d4 45. Kxg5 Ne7 46. Kf6 Nd5+ 47. Kxg6 Kf3 48. Kg5 Kxf2 49. Kf5 Ke3 50. Nc4+ Ke2 51. Ne5 f3 52. Nxf3 Kxf3 53. g5 d3 54. g6 Ne7+ 55. Kf6 Nxg6 56. Kxg6 d2 57. Kg5 d1=Q 58. Kh6 Qg1 59. Kh7 Kf4 60. Kh8 Kf5 61. Kh7 Kf6 62. Kh8 Qg7# 0-1


[Site "https://www.chess.com"]

[Event "Titled Tuesday Blitz April 12 Early 2022"]
[White "Simonovic, Miroslav"]
[Black "Czerw, Dawid"]
[WhiteFideId "919152"]
[BlackFideId "1145746"]
[WhiteElo "2043"]
[BlackElo "2125"]
[Result "0-1"]
[Round "11"]
[TimeControl "180+1"]
[Date "2022.04.13"]
[WhiteClock "0:00:03"]
[BlackClock "0:00:30"]

1. d4 Nf6 2. Bg5 e6 3. e4 h6 4. Bxf6 Qxf6 5. Nf3 c5 6. c3 cxd4 7. Qxd4 Qd8 8. e5 Nc6 9. Qd2 Qc7 10. Qe3 g5 11. h3 Bg7 12. Nbd2 Nxe5 13. O-O-O d5 14. Nxe5 Bxe5 15. Bb5+ Kf8 16. Rde1 Bg7 17. Rhf1 d4 18. Qd3 dxc3 19. bxc3 a6 20. Bc4 b5 21. Bb3 Bxc3 22. Kb1 Bg7 23. f4 gxf4 24. g3 Bb7 25. Rxf4 Rd8 26. Qc2 Qxc2+ 27. Kxc2 Ke7 28. Ref1 Rhf8 29. Ne4 Bxe4+ 30. Rxe4 Rd6 31. a4 Rc8+ 32. Kb1 Rd3 33. Bc2 Rxg3 34. axb5 axb5 35. Ref4 f5 36. h4 Rg2 37. R1f2 Rxf2 38. Rxf2 Ra8 39. Kc1 Bf6 40. h5 b4 41. Re2 Kd6 42. Bb3 e5 43. Rd2+ Ke7 44. Rg2 Bg5+ 45. Kb2 e4 46. Rc2 f4 47. Rc6 Kd7 48. Re6 Re8 49. Rxe8 Kxe8 50. Kc2 Ke7 51. Bd5 f3 52. Bxe4 f2 53. Bd3 Kf6 54. Bf1 Ke5 55. Kd3 Be7 56. Bg2 Bc5 57. Kc4 Kf4 58. Kxc5 b3 59. Kd4 b2 60. Be4 f1=Q 61. Bd3 Qxd3+ 62. Kxd3 b1=Q+ 63. Kd4 Qd1+ 0-1


[Site "https://www.chess.com"]

[Event "Titled Tuesday Blitz April 12 Early 2022"]
[White "Stanisz, Patryk"]
[Black "Pinheiro, Iung Alicio de O."]
[WhiteFideId "1123106"]
[BlackFideId "2104350"]
[WhiteElo "1833"]
[BlackElo "2559"]
[Result "0-1"]
[Round "11"]
[TimeControl "180+1"]
[Date "2022.04.13"]
[WhiteClock "0:00:02"]
[BlackClock "0:00:15"]

1. d4 Nf6 2. c4 g6 3. Nc3 d5 4. Bf4 Bg7 5. e3 O-O 6. Rc1 Be6 7. c5 b6 8. cxb6 axb6 9. Nf3 c5 10. Be2 Ne4 11. dxc5 Nxc3 12. bxc3 bxc5 13. Rc2 Qa5 14. Nd2 Bf5 15. e4 dxe4 16. Nb3 Bxc3+ 17. Kf1 Qb4 18. Qc1 e3 19. Rxc3 Qxf4 20. Rxe3 Rxa2 21. g3 Bh3+ 22. Ke1 Qb4+ 23. Qc3 Nc6 24. g4 Bg2 25. Rg1 Bd5 26. Nxc5 Ra1+ 27. Bd1 Qb1 28. Rd3 Nb4 29. Rd2 Bf3 30. Nb3 Qxd1+ 31. Rxd1 Rxd1# 0-1


[Site "https://www.chess.com"]

[Event "Titled Tuesday Blitz April 12 Early 2022"]
[White "Stelmaszyk, Nico"]
[Black "Li, Hui"]
[WhiteFideId "16200462"]
[BlackFideId "15400310"]
[WhiteElo "2119"]
[BlackElo "1954"]
[Result "1-0"]
[Round "11"]
[TimeControl "180+1"]
[Date "2022.04.13"]
[WhiteClock "0:01:29"]
[BlackClock "0:00:02"]

1. e4 e5 2. Bc4 Nf6 3. d4 exd4 4. Nf3 Nc6 5. O-O Nxe4 6. Re1 d5 7. Nc3 dxc4 8. Rxe4+ Be6 9. Nxd4 Nxd4 10. Rxd4 Bd6 11. Bf4 O-O 12. Bxd6 cxd6 13. Rxd6 Qe7 14. Qd4 Rfd8 15. Rd1 Rxd6 16. Qxd6 Qxd6 17. Rxd6 Kf8 18. Ne2 Ke7 19. Rd2 Rd8 20. Rxd8 Kxd8 21. c3 Kc7 22. Nd4 Kd6 23. f3 a6 24. Kf2 Bd7 25. Ke3 b5 26. a3 Ke5 27. f4+ Kd5 28. g3 Bc8 29. Nf3 f6 30. Nd4 Bd7 31. Nc2 a5 32. Nd4 Be8 33. Nf3 Bd7 34. Nd4 Be8 35. Nf5 g6 36. Nd4 Bd7 37. Nf3 Be8 38. Ng1 Bd7 39. Ne2 Bf5 40. Nd4 Bd7 41. Kf3 Be8 42. g4 Bd7 43. h3 b4 44. Ke3 bxa3 45. bxa3 Be8 46. h4 h6 47. Kf3 Bd7 48. Nc2 Be8 49. Nd4 Bd7 50. g5 fxg5 51. fxg5 hxg5 52. hxg5 Bc8 53. Kf4 Bd7 54. Nf3 Kc5 55. Ne5 Be8 56. Ke4 Kb5 57. Kd4 Ka4 58. Nxc4 Bf7 59. Nd6 Be8 60. Nxe8 1-0


[Site "https://www.chess.com"]

[Event "Titled Tuesday Blitz April 12 Early 2022"]
[White "Suarez Uriel, Adrian"]
[Black "Zaksaite, Salomeja"]
[WhiteFideId "22230874"]
[BlackFideId "12801496"]
[WhiteElo "2316"]
[BlackElo "1953"]
[Result "1-0"]
[Round "11"]
[TimeControl "180+1"]
[Date "2022.04.13"]
[WhiteClock "0:00:48"]
[BlackClock "0:00:03"]

1. d4 Nf6 2. c4 g6 3. Nc3 d5 4. Nf3 Bg7 5. Bf4 c5 6. dxc5 Qa5 7. e3 Ne4 8. Qa4+ Qxa4 9. Nxa4 Bd7 10. cxd5 Bxa4 11. Be5 Bxe5 12. Nxe5 Nxc5 13. Rc1 Nba6 14. b3 Bd7 15. Nxd7 Kxd7 16. Bb5+ Kd6 17. O-O Rac8 18. f3 Nc7 19. Bc4 b5 20. Be2 Nxd5 21. Rfd1 Ke6 22. Bxb5 Nb7 23. Bc4 Rxc4 24. bxc4 Nb6 25. c5 Nc8 26. c6 Nbd6 27. Rb1 f5 28. Rb8 h5 29. h4 Rg8 30. Kf2 g5 31. hxg5 Rxg5 32. c7 Kd7 33. Rc1 h4 34. Rb4 f4 35. Rxf4 Ra5 36. Rc2 Ra3 37. Rxh4 Rxe3 38. Kxe3 Nf5+ 39. Kf4 Nxh4 40. g4 Ng6+ 41. Kg5 Ne5 42. f4 Nf3+ 43. Kh6 Nd4 44. Rc4 Ne6 45. g5 Nxc7 46. g6 Nd6 47. g7 Nf5+ 48. Kg6 Nxg7 49. Kxg7 Ne6+ 50. Kg6 Kd6 51. Kf5 Nd8 52. Ke4 e6 53. Rd4+ Ke7 54. Rc4 Nc6 55. Rxc6 1-0


[Site "https://www.chess.com"]

[Event "Titled Tuesday Blitz April 12 Early 2022"]
[White "Svane, Frederik"]
[Black "Taspinar, Yanki"]
[WhiteFideId "12923044"]
[BlackFideId "34561188"]
[WhiteElo "2459"]
[BlackElo "1518"]
[Result "1-0"]
[Round "11"]
[TimeControl "180+1"]
[Date "2022.04.12"]
[WhiteClock "0:01:12"]
[BlackClock "0:01:00"]

1. e4 e5 2. Nf3 Nc6 3. Nc3 Nf6 4. h3 Bb4 5. Bd3 d6 6. O-O a6 7. a3 Bc5 8. b4 Ba7 9. Bb2 O-O 10. Ne2 Ne7 11. c4 Ng6 12. Bc2 Re8 13. Re1 Be6 14. d3 c6 15. Rc1 h6 16. Bb1 Nh5 17. d4 Bd7 18. c5 dxc5 19. bxc5 exd4 20. Qxd4 Be6 21. Qc3 Qf6 22. e5 Qe7 23. Bxg6 fxg6 24. g4 Rf8 25. gxh5 Bxh3 26. hxg6 Bf5 27. Ng3 Bxg6 28. e6 Rad8 29. Ne5 Bh7 30. Nf7 Rd3 31. Qxg7# 1-0


[Site "https://www.chess.com"]

[Event "Titled Tuesday Blitz April 12 Early 2022"]
[White "Sztokbant, Bernardo Vainzoff"]
[Black "Mika, Tomasz"]
[WhiteFideId "2115956"]
[BlackFideId "1132970"]
[WhiteElo "2225"]
[BlackElo "2116"]
[Result "1-0"]
[Round "11"]
[TimeControl "180+1"]
[Date "2022.04.13"]
[WhiteClock "0:01:52"]
[BlackClock "0:00:56"]

1. e4 c6 2. d4 d5 3. exd5 cxd5 4. Bd3 Nc6 5. c3 Nf6 6. Nf3 Bg4 7. Nbd2 e6 8. O-O Bd6 9. Re1 O-O 10. Nf1 e5 11. dxe5 Nxe5 12. Be2 Nxf3+ 13. Bxf3 Bxf3 14. Qxf3 Qb6 15. Ne3 Rad8 16. g3 h6 17. Nf5 Bc5 18. b4 Bd6 19. Be3 Qc7 20. Nxh6+ Kh7 21. Nf5 Be5 22. Bd4 Ne4 23. Bxe5 Qxe5 24. Qh5+ Kg8 25. Nh6+ gxh6 26. Qxe5 1-0


[Site "https://www.chess.com"]

[Event "Titled Tuesday Blitz April 12 Early 2022"]
[White "Tan, Jun Ying"]
[Black "Palachev, Petr"]
[WhiteFideId "5710413"]
[BlackFideId "24129003"]
[WhiteElo "1827"]
[BlackElo "2339"]
[Result "1/2-1/2"]
[Round "11"]
[TimeControl "180+1"]
[Date "2022.04.12"]
[WhiteClock "0:00:13"]
[BlackClock "0:00:06"]

1. d4 Nf6 2. c4 e6 3. Nc3 Bb4 4. e3 O-O 5. Ne2 Re8 6. a3 Bf8 7. g4 Nxg4 8. Rg1 f5 9. Nf4 Qh4 10. Rg3 Qxh2 11. Qf3 Qh4 12. Bd2 a6 13. O-O-O Nc6 14. Be2 Qf6 15. Qg2 Qf7 16. Bxg4 fxg4 17. Rxg4 e5 18. Nfd5 d6 19. Rh4 Bf5 20. Rg1 Bg6 21. Rg4 exd4 22. exd4 Na5 23. Ne3 Nb3+ 24. Kd1 Nxd2 25. Kxd2 c6 26. f4 Rxe3 27. Kxe3 Re8+ 28. Kd2 Qf5 29. Kc1 Re3 30. Qd2 Rd3 31. Qf2 b5 32. cxb5 axb5 33. Rg5 Rxc3+ 34. bxc3 Qb1+ 35. Kd2 Qc2+ 36. Ke1 Qc1+ 37. Ke2 Qxc3 38. Qe3 Qc4+ 39. Kf2 Qa2+ 40. Kg3 Qf7 41. Kh2 d5 42. Rf1 Be4 43. f5 Bd6+ 44. Kg1 Qf6 45. Rf2 h6 46. Rg6 Qh4 47. Kf1 Qh1+ 48. Ke2 Qh5+ 49. Kf1 Bf8 50. Rg1 Qd1+ 51. Qe1 Qd3+ 52. Qe2 Qxd4 53. Qd2 Qa1+ 54. Qe1 Qxa3 55. Re2 Qf3+ 56. Qf2 Qd3 57. Ke1 Qc3+ 58. Kf1 Qd3 59. Qe3 Bb4 60. f6 Qxe3 61. Rxg7+ Kf8 62. Rxe3 Bd6 63. Rh3 Be5 64. Rxh6 Bxf6 65. Rxf6+ Kxg7 66. Rxc6 Bd3+ 67. Ke1 Bc4 68. Kd2 Kf7 69. Kc3 Ke7 70. Kd4 Kd7 71. Rh6 b4 72. Kc5 b3 73. Rb6 Kc7 74. Rb4 Kd7 75. Rb6 Ke7 76. Rb4 Ke6 77. Kd4 Kf5 78. Rb6 Kf4 79. Rb8 Kf3 80. Rf8+ Ke2 81. Kc3 Ke3 82. Re8+ Kf3 83. Rf8+ Ke3 84. Re8+ Kf4 85. Rf8+ Ke5 86. Re8+ Kd6 87. Rd8+ Kc6 88. Rc8+ Kb7 89. Rd8 Kc7 90. Rh8 Kd7 91. Rh7+ Kc6 92. Rh6+ Kb5 93. Rh8 Ka6 94. Ra8+ Kb7 95. Rd8 Kc6 96. Rc8+ Kd6 97. Rd8+ Ke6 98. Re8+ Kf5 99. Rf8+ Ke4 100. Re8+ Kf3 101. Rf8+ Ke2 102. Re8+ Kd1 103. Rh8 Ke1 104. Rh1+ Kf2 105. Rh2+ Kg3 106. Rd2 Kf3 107. Rh2 Ke3 108. Rh3+ Ke2 109. Rh2+ Kf3 110. Rh3+ Kg4 111. Rh8 Kf5 112. Rf8+ Ke5 113. Re8+ Kd6 114. Rd8+ 1/2-1/2


[Site "https://www.chess.com"]

[Event "Titled Tuesday Blitz April 12 Early 2022"]
[White "Tanenbaum, Zachary"]
[Black "Domingo Nunez, Alejandro"]
[WhiteFideId "2060850"]
[BlackFideId "22245561"]
[WhiteElo "2168"]
[BlackElo "2215"]
[Result "1-0"]
[Round "11"]
[TimeControl "180+1"]
[Date "2022.04.13"]
[WhiteClock "0:00:15"]
[BlackClock "0:00:03"]

1. e4 Nc6 2. Nf3 d5 3. exd5 Qxd5 4. Nc3 Qa5 5. Bb5 Bd7 6. d4 O-O-O 7. O-O a6 8. Bxc6 Bxc6 9. Ne5 Be8 10. Qf3 f6 11. Nc4 Qb4 12. b3 Bc6 13. Qh3+ Bd7 14. Qg3 e6 15. Bf4 e5 16. dxe5 g5 17. Bc1 Qc5 18. exf6 h6 19. Ne4 Qd4 20. Qe3 Bc6 21. Qh3+ Kb8 22. Nc3 Nxf6 23. Bb2 Qc5 24. Rad1 Bg7 25. Qg3 Nh5 26. Qe3 Qf5 27. f3 Nf4 28. Qf2 Rde8 29. Ne4 Bxb2 30. Nxb2 Bxe4 31. fxe4 Rxe4 32. Nd3 Ne2+ 33. Kh1 Qe6 34. Nc5 Qe5 35. Nd7+ Kc8 36. Nxe5 Rxe5 37. Rfe1 Rhe8 38. h3 Nf4 39. Rxe5 Rxe5 40. Qd4 Rd5 41. Qxd5 Nxd5 42. Rxd5 1-0


[Site "https://www.chess.com"]

[Event "Titled Tuesday Blitz April 12 Early 2022"]
[White "Tregubov, Pavel V."]
[Black "Bach, Ngoc Thuy Duong"]
[WhiteFideId "4115341"]
[BlackFideId "12408956"]
[WhiteElo "2341"]
[BlackElo "1862"]
[Result "1-0"]
[Round "11"]
[TimeControl "180+1"]
[Date "2022.04.13"]
[WhiteClock "0:01:06"]
[BlackClock "0:00:01"]

1. e4 c5 2. Nf3 d6 3. Bb5+ Nc6 4. O-O Bd7 5. c3 Nf6 6. Re1 a6 7. Bf1 Bg4 8. d3 g6 9. Nbd2 Bg7 10. h3 Bxf3 11. Nxf3 Nd7 12. d4 O-O 13. d5 Nce5 14. Nh2 Nb6 15. f4 Ned7 16. Nf3 Qc7 17. c4 Nc8 18. Rb1 b5 19. b3 bxc4 20. bxc4 Rb8 21. Bd2 Na7 22. Qa4 Qc8 23. Rxb8 Nxb8 24. e5 Rd8 25. Ba5 Rf8 26. exd6 exd6 27. Re7 Nd7 28. Qxd7 Qxd7 29. Rxd7 Nc8 30. f5 gxf5 31. Bd3 f4 32. Nh4 Bd4+ 33. Kf1 Be5 34. Nf5 1-0


[Site "https://www.chess.com"]

[Event "Titled Tuesday Blitz April 12 Early 2022"]
[White "Vianello, Enrico"]
[Black "Pourkashiyan, Atousa"]
[WhiteFideId "810738"]
[BlackFideId "12502014"]
[WhiteElo "2257"]
[BlackElo "2247"]
[Result "0-1"]
[Round "11"]
[TimeControl "180+1"]
[Date "2022.04.13"]
[WhiteClock "0:01:17"]
[BlackClock "0:02:02"]

1. d4 Nf6 2. Bg5 e6 3. e4 h6 4. Bxf6 Qxf6 5. Nf3 d6 6. Nc3 g6 7. Bc4 Bg7 8. Qe2 O-O 9. O-O Nc6 10. Rad1 e5 11. dxe5 dxe5 12. a3 Bg4 13. Nd5 Qd8 14. h3 Nd4 15. Rxd4 Bxf3 16. Qxf3 exd4 17. Qg3 c6 18. Nb4 Qf6 19. e5 Qf5 20. Re1 Kh7 21. e6 fxe6 22. Bxe6 Qf6 23. Bc4 Rae8 24. Rd1 Qe5 25. Qxe5 Rxe5 26. Nd3 Re2 27. Bb3 Rfe8 28. Nf4 Re1+ 29. Rxe1 Rxe1+ 30. Kh2 Be5 31. g3 Bxf4 32. gxf4 Re2 33. Kg2 d3 0-1


[Site "https://www.chess.com"]

[Event "Titled Tuesday Blitz April 12 Early 2022"]
[White "Vlassov, Nikolai"]
[Black "Gracia Alvarez, Gerardo Antonio"]
[WhiteFideId "4103360"]
[BlackFideId "5109124"]
[WhiteElo "2407"]
[BlackElo "2139"]
[Result "1-0"]
[Round "11"]
[TimeControl "180+1"]
[Date "2022.04.13"]
[WhiteClock "0:00:17"]
[BlackClock "0:00:24"]

1. e4 c5 2. c3 Nf6 3. e5 Nd5 4. d4 cxd4 5. cxd4 d6 6. Bc4 Nb6 7. Bb3 dxe5 8. Qh5 e6 9. dxe5 Nc6 10. Nc3 g6 11. Qg5 Qxg5 12. Bxg5 Bg7 13. Bf6 O-O 14. Ne4 Nxe5 15. O-O-O Bxf6 16. Nxf6+ Kg7 17. Ne4 Bd7 18. f4 Ng4 19. Nf3 Bc6 20. Rd4 Bxe4 21. Rxe4 Nf2 22. Rhe1 Nxe4 23. Rxe4 Rac8+ 24. Kd2 Rfd8+ 25. Ke2 Nd5 26. g3 b5 27. Nd4 a6 28. a3 h5 29. Nf3 Nb6 30. Ne5 Rc1 31. Re3 Nc4 32. Bxc4 bxc4 33. Rc3 Rh1 34. Rxc4 Rxh2+ 35. Kf3 Rxb2 36. Rc7 Rf8 37. a4 Rb3+ 38. Kg2 Ra3 39. Rc4 Rd8 40. Rc7 Rf8 41. Rc4 a5 42. Rd4 Kg8 43. Nc6 Rc8 44. Ne7+ 1-0


[Site "https://www.chess.com"]

[Event "Titled Tuesday Blitz April 12 Early 2022"]
[White "Vokarev, Sergey"]
[Black "Hansen, Eric"]
[WhiteFideId "4119711"]
[BlackFideId "2606771"]
[WhiteElo "2343"]
[BlackElo "2568"]
[Result "1-0"]
[Round "11"]
[TimeControl "180+1"]
[Date "2022.04.12"]
[WhiteClock "0:00:14"]
[BlackClock "0:00:02"]

1. e4 c5 2. Nf3 e6 3. b3 Nc6 4. Bb2 d6 5. d4 cxd4 6. Nxd4 Nf6 7. Nxc6 bxc6 8. e5 Nd5 9. exd6 Bxd6 10. Be2 e5 11. O-O O-O 12. Bf3 Qc7 13. c4 Nf4 14. Re1 Re8 15. Nc3 Bf5 16. Ne4 Bb4 17. Bc3 Rad8 18. Qc2 Bxc3 19. Qxc3 Rd3 20. Qb4 Rd4 21. Nc5 e4 22. Qc3 Qe5 23. b4 g5 24. Nb3 Rd3 25. Qxe5 Rxe5 26. Be2 Nxe2+ 27. Rxe2 Rc3 28. Rc1 Rxc1+ 29. Nxc1 a5 30. a3 Be6 31. Rc2 f5 32. Kf1 Kf8 33. Ke2 Ke7 34. Nb3 axb4 35. axb4 f4 36. Nd4 Bg4+ 37. Ke1 Bd7 38. c5 Rd5 39. Rc4 Kf6 40. f3 e3 41. Ne2 1-0


[Site "https://www.chess.com"]

[Event "Titled Tuesday Blitz April 12 Early 2022"]
[White "Vokhidov, Shamsiddin"]
[Black "Shimanov, Aleksandr"]
[WhiteFideId "14204223"]
[BlackFideId "4198603"]
[WhiteElo "2611"]
[BlackElo "2636"]
[Result "1-0"]
[Round "11"]
[TimeControl "180+1"]
[Date "2022.04.12"]
[WhiteClock "0:01:02"]
[BlackClock "0:00:01"]

1. e4 d5 2. exd5 Qxd5 3. Nc3 Qe5+ 4. Be2 Bg4 5. d4 Bxe2 6. Ngxe2 Qa5 7. b4 Qh5 8. O-O e6 9. d5 Bxb4 10. Qd3 Bxc3 11. Nxc3 Nf6 12. Qb5+ Nbd7 13. dxe6 Qxb5 14. Nxb5 fxe6 15. Nxc7+ Kf7 16. Nxa8 Rxa8 17. Rd1 Rc8 18. Be3 b6 19. Rd2 Ne5 20. a4 Nc4 21. Re2 Nd5 22. Bd4 Rc6 23. g3 g5 24. Kg2 a5 25. c3 h5 26. h3 Rd6 27. Rf1 Rc6 28. Rb1 Na3 29. Rb3 Nc4 30. Kf3 Kg6 31. Ke4 Nd6+ 32. Kd3 Nc4 33. Rxe6+ Rxe6 34. Kxc4 Rd6 35. Rb5 Ne7 36. Rxb6 1-0


[Site "https://www.chess.com"]